 Seeded DCSS version 0.29-a0-359-g541a27f54d (webtiles) character file.

Game seed: 20220426 (custom seed)

421 klau3 the Skirmisher (level 6, -6/67 HPs)
             Began as an Ogre Berserker on Apr 26, 2022.
             Was a Believer of Trog.
             Mangled by an ogre
             ... wielding a +0 giant spiked club
              (29 damage)
             ... on level 4 of the Dungeon on Apr 27, 2022.
             The game lasted 00:29:53 (6999 turns).

klau3 the Skirmisher (Ogre Berserker)               Turns: 6999, Time: 00:29:54

Health: -6/67      AC:  3    Str: 30    XL:     6   Next: 94%
Magic:  6/6        EV: 10    Int:  8    God:    Trog [**....]
Gold:   149        SH:  0    Dex:  8    Spells: 5/5 levels left

rFire   . . .      SeeInvis .   z - +2 falchion (venom)
rCold   . . .      Faith    .   (no shield)
rNeg    . . .      Spirit   .   b - +0 animal skin
rPois   .          Reflect  .   (helmet restricted)
rElec   .          Harm     .   (no cloak)
rCorr   +          Rampage  .   (gloves unavailable)
Will    .....                   (boots unavailable)
Stlth   +.........              (no amulet)
HPRegen 0.21/turn               D - +6 ring of strength
MPRegen 0.10/turn               r - ring of resist corrosion

@: no status effects
A: large, unfitting armour, tough skin 1
a: Renounce Religion, Berserk, Trog's Hand


You were on level 4 of the Dungeon.
You worshipped Trog.
Trog was pleased with you.
You visited 1 branch of the dungeon, and saw 4 of its levels.

You collected 188 gold pieces.
You spent 39 gold pieces at shops.

Inventory:

Hand Weapons
 a - a +0 hand axe
 k - a +0 falchion
 p - a +0 spear
 q - a +0 dagger of speed
 z - a +2 falchion of venom (weapon)
 B - a +0 great mace
 G - a +0 dagger of venom
Missiles
 i - 51 stones
 C - 2 large rocks (quivered)
 E - a boomerang
Armour
 b - a +0 animal skin (worn)
 e - a +0 helmet
 v - a +0 barding
 x - the +0 pair of gloves of Wu Jian {rElec Str+5}
   (You found it on level 2 of the Dungeon)

   Str:       It affects your strength (+5).
   rElec:     It insulates you from electricity.
 y - a +0 plate armour of willpower
 A - a +0 scale mail
Jewellery
 d - a ring of protection from fire
 r - a ring of resist corrosion (right hand)
 D - a +6 ring of strength (left hand)
 F - an amulet of guardian spirit
Scrolls
 c - 2 scrolls of magic mapping
 h - a scroll of amnesia
 j - 2 scrolls of teleportation
 l - 2 scrolls of brand weapon
 n - a scroll of noise
 t - a scroll of holy word
 H - a scroll of fog {unknown}
Potions
 f - a potion of cancellation {unknown}
 g - a potion of haste {unknown}
 m - 2 potions of heal wounds {unknown}
 o - 2 potions of might
 s - a potion of attraction {unknown}
 u - a potion of brilliance {unknown}
 w - a potion of berserk rage {unknown}
 J - a potion of ambrosia {unknown}


   Skills:
 + Level 5.7 Fighting
 + Level 2.0 Long Blades
 + Level 4.6 Axes
 + Level 4.2 Dodging
 + Level 1.4 Stealth


You had 5 spell levels left.
You didn't know any spells.
Your spell library was empty.

Dungeon Overview and Level Annotations

Branches:
Dungeon (4/15)
 Temple: D:4-7

Altars:
Ashenzari

Shops:
D:3 (

Annotations:
D:4 Natasha


Innate Abilities, Weirdness & Mutations

You are too large for most types of armour.
You have tough skin. (AC +1)


Message History

Trog accepts your kill.
Welcome back, klau3 the Ogre Berserker.
Game seed: 20220426 (custom seed) Trog says: Kill them all!
Press ? for a list of commands and other information.
There is a stone staircase leading down here.
You climb downwards.
Level annotation: Natasha The ogre shouts!
The gnoll shouts!
The gnoll misses you. The gnoll hits you with a +0 whip.
There is a stone staircase leading up here.
You closely miss the gnoll. The gnoll hits you with a +0 whip.
You slash the gnoll!
The gnoll is poisoned.
The gnoll is heavily wounded.
The gnoll hits you with a +0 whip.
You closely miss the gnoll.
The gnoll is heavily wounded.
The gnoll closely misses you.
The gnoll hits you from afar with a +0 halberd!
The gnoll hits you with a +0 whip.
* * * LOW HITPOINT WARNING * * *
The gnoll misses you.
You climb upwards.
There is a stone staircase leading down here.
You closely miss the gnoll.
The gnoll is almost dead.
You kill the gnoll!
Trog accepts your kill.
There is a stone staircase leading down here.
You see here a +0 whip.
You climb downwards.
Level annotation: Natasha The ogre closely misses you.
The gnoll completely misses you. The gnoll hits you with a +0 whip.
There is a stone staircase leading up, spattered with blood here.
The ogre completely misses you. The gnoll hits you with a +0 whip.
The gnoll hits you from afar with a +0 halberd!
You can't go down here!
The ogre hits you with a +0 giant spiked club!!
You die...

+ # #+# #####.....#
####.##.g..#.....#
...#.......#.....#
..)#.......#.....#
...'.......'.....#
...#.......#..g..#
######o....#.....######
.....#....@.....#
.....#....gO....#
....#..........#
....#..=.......#
...#..........#
#..........#
#......<...#
#..........#
#...g......#


You could see an ogre and 2 gnolls.

Vanquished Creatures
  A phantom (D:4)
  Blork the orc (D:4)
  A hound (D:3)
  An orc priest (D:2)
  An iguana (D:4)
  6 gnolls
  3 adders
  An ufetubus (D:4)
  2 worms
  A dart slug (D:3)
  12 orcs
  8 bats
  6 endoplasms
  5 giant cockroaches
  10 goblins
  2 hobgoblins
  3 jackals (D:4)
  5 quokkas
  6 ball pythons
  2 frilled lizards
  4 kobolds
  6 rats
87 creatures vanquished.

Notes
Turn   | Place    | Note
-------+----------+-------------------------------------------
     0 | D:1      | klau3 the Ogre Berserker began the quest for the Orb.
     0 | D:1      | Reached XP level 1. HP: 24/24 MP: 1/1
   138 | D:1      | Found a faded altar of an unknown god.
   178 | D:1      | Reached XP level 2. HP: 29/32 MP: 2/2
   595 | D:1      | Upgraded the game from 0.29-a0-356-g7bc237e783 to
                  | 0.29-a0-359-g541a27f54d
  1132 | D:1      | Reached XP level 3. HP: 37/40 MP: 3/3
  2043 | D:2      | Reached XP level 4. HP: 40/49 MP: 4/4
  2663 | D:2      | Reached ** piety under Trog
  3504 | D:2      | Identified the +0 pair of gloves of Wu Jian {rElec Str+5}
  4047 | D:3      | Reached skill level 5 in Fighting
  4047 | D:3      | Reached XP level 5. HP: 46/57 MP: 5/5
  4556 | D:2      | Reached skill level 1 in Stealth
  4969 | D:3      | Found Emician's Weapon Shop.
  4990 | D:3      | Bought 4 large rocks for 39 gold pieces
  5110 | D:3      | Found a broken altar of Ashenzari.
  5525 | D:4      | Noticed a phantom
  5547 | D:4      | Killed a phantom
  5548 | D:4      | Reached skill level 1 in Long Blades
  5548 | D:4      | Reached XP level 6. HP: 19/66 MP: 6/6
  6512 | D:4      | Noticed Blork the orc
  6522 | D:4      | Killed Blork the orc
  6579 | D:4      | Noticed Natasha
  6999 | D:4      | Mangled by an ogre

Illustrated notes

Levels and vault maps discovered:
D:1:      minmay_arrival_three_doors, layout_loops_ring,
          serial_co_window_serial, co_window_paths_b, co_window_corner_a,
          co_window_paths_a, co_window_corner_a, co_window_paths_b,
          co_window_paths_a, co_window_unsneaky_path_e, co_window_2corner,
          co_window_2corner, co_window_2corner, co_window_unsneaky_path_c,
          co_window_corner_cb, glass_columns_b, glass_columns_c,
          glass_columns_a, hellmonk_ecumenical_altar_heavens_door
D:2:      minmay_door_path, layout_basic, minmay_quadrilaterals
D:3:      layout_rooms, mainiacjoe_overflow_alcove_1, serial_shops,
          nicolae_shop_bloodbath_and_beyond, minmay_misc_feat_room,
          chequers_mini_garden
D:4:      layout_gridville, minmay_misc_feat_enclosed, uniq_eustachio,
          uniq_natasha, uniq_blork_the_orc

Skill      XL: |  1  2  3  4  5  6 |
---------------+-------------------+-----
Dodging        | 3 4 |  4.2
Axes           | 4 |  4.6
Fighting       | 5 |  5.7
Stealth        | 1 |  1.4
Long Blades    | 1 2 |  2.0

Action                   |  1- 3 |  4- 6 || total
-------------------------+-------+-------++-------
Melee: Hand axe          |    69 |   102 ||   171
       Punch             |       |     7 ||     7
       Falchion          |       |   112 ||   112
Throw: Large rock        |       |     4 ||     4
  Use: Scroll            |       |     9 ||     9
Armor: Animal skin       |    36 |    60 ||    96
Dodge: Dodged            |    64 |   149 ||   213

Table legend: (Time is in decaauts)
 A = Elapsed time spent in this place.
 B = Non-inter-level travel time spent in this place.
 C = Inter-level travel time spent in this place.
 D = Time resting spent in this place.
 E = Time spent auto-exploring this place.
 F = Levels seen in this place.
 G = Mean time per level.
                   A        B        C        D        E       F      G
               +--------+--------+--------+--------+--------+-----+--------+
         Total |   7059 |   2645 |   4414 |      0 |   1159 |   4 | 1764.8 |
       Dungeon |   7059 |   2645 |   4414 |      0 |   1159 |   4 | 1764.8 |
               +--------+--------+--------+--------+--------+-----+--------+

Top non-repeatable levels by time:
     D:1: 2328 daAuts
     D:2: 2270 daAuts
     D:3: 1818 daAuts
     D:4: 642 daAuts
